 Dungeon Crawl Stone Soup version 0.31-a0-1036-g31867e143a (webtiles) character file.

Game seed: 3621583650410364206

175 Azuregosa the Covert (level 5, -1/36 HPs)
             Began as an Octopode Delver on Nov 19, 2023.
             Was a Follower of Vehumet.
             Slain by a hornet (11 damage)
             ... on level 4 of the Dungeon.
             The game lasted 00:12:24 (3030 turns).

Azuregosa the Covert (Octopode Delver)              Turns: 3030, Time: 00:12:24

Health: -1/36      AC:  1    Str: 11    XL:     5   Next: 55%
Magic:  8/8        EV: 13    Int: 14    God:    Vehumet [*.....]
Gold:   186        SH:  0    Dex: 14    Spells: 7/8 levels left

rFire   . . .        a - +0 hand axe
rCold   . . .        (no shield)
rNeg    . . .        (helmet restricted)
rPois   .            w - amulet of magic regeneration
rElec   .            (no ring)
rCorr   .            (no ring)
SInv    .            (no ring)
Will    .....        (no ring)
Stlth   +++++        (no ring)
HPRegen 0.26/turn    (no ring)
MPRegen 0.51/turn    (no ring)
                     (no ring)

%: no passive effects
@: slowed, very slow
A: almost no armour, amphibious, 8 rings, camouflage 1, gelatinous body 1,
(nimble swimmer 1), tentacles
a: Renounce Religion


You were on level 4 of the Dungeon.
You worshipped Vehumet.
Vehumet was aware of your devotion.
You visited 1 branch of the dungeon, and saw 5 of its levels.

You collected 186 gold pieces.

Inventory:

Hand Weapons
 a - a +0 hand axe (weapon)
Missiles
 c - 34 stones
 i - 6 atropa-tipped darts
 j - 10 poisoned darts
Magical Staves
 u - a staff of conjuration
Jewellery
 t - a ring of fire
 w - an amulet of magic regeneration (around mantle)
Talismans
 l - a flux talisman
 p - a blade talisman
Wands
 f - a wand of digging (3)
Scrolls
 b - a scroll of fog
 d - a scroll of fear
 g - 2 scrolls of teleportation {unknown}
 k - a scroll of noise {unknown}
 n - a scroll of vulnerability {unknown}
 o - a scroll of poison {unknown}
 q - a scroll of torment {unknown}
 v - a scroll of identify {unknown}
Potions
 e - a potion of haste
 h - a potion of resistance {unknown}
 m - a potion of lignification {unknown}
 r - a potion of heal wounds {unknown}
 s - a potion of curing {unknown}
 x - a potion of degeneration {unknown}


   Skills:
 - Level 3.0 Fighting
 - Level 2.0 Axes
 - Level 2.0 Dodging
 - Level 8.8 Stealth
 + Level 2.2 Spellcasting
 + Level 1.7 Poison Magic


You had 7 spell levels left.
You knew the following spells:

 Your Spells              Type           Power      Damage    Failure   Level
a - Sting                 Tmut/Pois      16%        1d3       16%         1

Your spell library contained the following spells:

 Spells                   Type           Power      Damage    Failure   Level
 Kiss of Death            Conj/Necr      4%         2d5       24%         1
 Poisonous Vapours        Pois/Air       8%         N/A       24%         2
 Cigotuvi's Dreadful Rot  Necr/Pois/Air  6%         N/A       28%         2
 Static Discharge         Conj/Air       2%         3-4/arc   34%         2
 Olgreb's Toxic Radiance  Pois           6%         N/A       75%         4
 Vhi's Electric Charge    Tloc/Air       2%         N/A       93%         4
 Conjure Ball Lightning   Conj/Air       0%         3x3d6     100%        6


Dungeon Overview and Level Annotations

Branches:
Dungeon (5/15)
 Temple: D:4-7

Altars:
Trog
Vehumet

Annotations:
D:3 Ijyb


Innate Abilities, Weirdness & Mutations

You cannot wear most types of armour.
You are amphibious.
You can wear up to eight rings at the same time.
Your skin changes colour to match your surroundings (Stealth+).
Your rubbery body absorbs attacks. (AC +1, EV +1)
((You are camouflaged when in or above water. (Stealth+)))
You have tentacles for arms and can constrict up to eight enemies at once.


Message History

The hobgoblin hits you.
You hit the hobgoblin. You grab the hobgoblin. You squeeze the hobgoblin.
You kill the hobgoblin!
Vehumet accepts your kill.
There is a stone staircase leading up here.
x - a black potion Done exploring.
Okay, then.
What level of the Dungeon? (default 3, ? - help)
There is a stone staircase leading down here.
You climb downwards.
The kobold throws a stone.
The stone hits you.
There is a stone staircase leading up here.
You closely miss the kobold.
The hornet buzzes angrily.
You grab the kobold. You squeeze the kobold.
You kill the kobold!
Vehumet accepts your kill.
You hear a shout!
Okay, then.
Items here: $ ( ) †.
Casting: Sting (safe; 16% risk of failure)
Confirm with . or Enter, or press ? or * to list all spells.
Aiming: Sting (safe; 16% risk of failure)
Press: ? - help, Shift-Dir - straight line, f - hornet
Aim: a hornet (47% to hit)
The sting misses the hornet.
Casting: Sting (safe; 16% risk of failure)
Confirm with . or Enter, or press ? or * to list all spells.
Aiming: Sting (safe; 16% risk of failure)
Press: ? - help, Shift-Dir - straight line, f/p - hornet
Aim: a hornet (47% to hit)
The sting hits the hornet but does no damage.
The hornet is poisoned.
The hornet stings you!
You suddenly lose the ability to move!
You can move again.
There is a stone staircase leading up here.
Magic restored.
The hornet stings you!
* * * LOW HITPOINT WARNING * * *
You feel yourself slow down. The hornet stings you!
You die...

#+# ....
....########
..y........#
........K..#
o..........#
...........########
.?............y@.>#
...........######.#
...........# #
...........# #+
#+########.###....
#...'..). #.###....
#.# .. ####'###


You could see a hornet (poisoned).

Vanquished Creatures
  An orc priest (D:3)
  4 gnolls (D:3)
  5 adders
  3 dart slugs
  3 orcs (D:3)
  2 ball pythons
  2 bats
  6 endoplasms
  4 giant cockroaches
  5 goblins
  5 hobgoblins
  3 quokkas (D:3)
  A frilled lizard (D:2)
  5 kobolds
  2 rats
51 creatures vanquished.

Notes
Turn   | Place    | Note
-------+----------+-------------------------------------------
     0 | D:5      | Azuregosa the Octopode Delver began the quest for the Orb.
     0 | D:5      | Reached XP level 1. HP: 16/16 MP: 1/1
    22 | D:5      | Noticed a scorpion
    47 | D:4      | Found a bloodstained altar of Trog.
    58 | D:4      | Found a radiant altar of Vehumet.
    78 | D:4      | Became a worshipper of Vehumet
    85 | D:4      | Reached skill level 7 in Stealth
    85 | D:4      | Reached XP level 2. HP: 21/21 MP: 2/2
   120 | D:4      | Noticed a hornet
   136 | D:3      | Reached XP level 3. HP: 26/26 MP: 3/3
   286 | D:2      | Reached skill level 8 in Stealth
   502 | D:1      | Noticed an eye of devastation
   504 | D:1      | Found a faded altar of an unknown god.
   505 | D:1      | Noticed an eye of devastation
   505 | D:1      | Noticed an eye of devastation
   505 | D:1      | Noticed an eye of devastation
  1110 | D:2      | Reached XP level 4. HP: 27/31 MP: 4/4
  1406 | D:2      | Reached * piety under Vehumet
  1406 | D:2      | Offered knowledge of Kiss of Death by Vehumet.
  1644 | D:2      | Got Zohituf's Tractate on Turbulence
  1892 | D:3      | Learned a level 1 spell: Sting
  2004 | D:3      | Noticed Ijyb
  2045 | D:3      | Reached skill level 1 in Spellcasting
  2222 | D:3      | Reached XP level 5. HP: 20/36 MP: 7/7
  2535 | D:3      | Reached skill level 1 in Poison Magic
  3028 | D:4      | Paralysed by a hornet for 1 turns
  3030 | D:4      | Slain by a hornet

Illustrated notes

Levels and vault maps discovered:
D:1:      heliophobic_arrival_henge, layout_basic,
          hellmonk_ecumenical_altar_watching_god
D:2:      layout_loops_ring, bh_walls_and_bars
D:3:      layout_basic, uniq_ijyb
D:4:      layout_basic, grunt_temple_overflow_open
D:5:      layout_rooms, serial_bayou_pond_b, st_stairs_3

Skill      XL: |  1  2  3  4  5 |
---------------+----------------+-----
Stealth        | 7 8 |  8.8
Spellcasting   | 1 2 |  2.2
Poison Magic   | 1 |  1.7
Fighting       | |  3.0
Axes           | |  2.0
Dodging        | |  2.0

Action                     |  1- 3 |  4- 6 || total
---------------------------+-------+-------++-------
  Melee: Hand axe          |    40 |    51 ||    91
         Constrict         |    10 |    13 ||    23
         Tentacles         |     5 |     9 ||    14
   Cast: Sting             |       |    12 ||    12
    Use: Scroll            |     1 |       ||     1
   Stab: Sleeping          |     9 |     8 ||    17
 Armour: Skin              |    20 |    24 ||    44
  Dodge: Dodged            |    18 |    23 ||    41

Table legend: (Time is in decaauts)
 A = Elapsed time spent in this place.
 B = Non-inter-level travel time spent in this place.
 C = Inter-level travel time spent in this place.
 D = Time resting spent in this place.
 E = Time spent auto-exploring this place.
 F = Levels seen in this place.
 G = Mean time per level.
                   A        B        C        D        E       F      G
               +--------+--------+--------+--------+--------+-----+--------+
         Total |   3049 |   2934 |    115 |    442 |   1876 |   5 |  609.8 |
       Dungeon |   3049 |   2934 |    115 |    442 |   1876 |   5 |  609.8 |
               +--------+--------+--------+--------+--------+-----+--------+

Top non-repeatable levels by time:
     D:3: 1209 daAuts
     D:2: 1015 daAuts
     D:1: 683 daAuts
     D:4: 112 daAuts
     D:5: 28 daAuts
